 Dungeon Crawl Stone Soup version 0.18-a0-1789-gbeff17f (webtiles) character file.

39 SkaryMonk the Firebug (level 3, -8/21 HPs)
             Began as an Octopode Fire Elementalist on Apr 21, 2016.
             Mangled by a gnoll
             ... wielding a +0 halberd
              (14 damage)
             ... on level 2 of the Dungeon.
             The game lasted 00:03:15 (1233 turns).

SkaryMonk the Firebug (Octopode Fire Elementalist)  Turns: 1233, Time: 00:03:17

Health: -8/21      AC:  1    Str:  7    XL:     3   Next: 47%
Magic:  6/6        EV:  7    Int: 18    God:
Gold:   57         SH:  0    Dex: 12    Spells: 2 memorised, 3 levels left

rFire  . . .     SeeInvis .     p - +1 whip
rCold  . . .     Gourm    .     (no shield)
rNeg   . . .     Faith    .     (helmet restricted)
rPois  .         Spirit   .     (no amulet)
rElec  .         Dismiss  .     (no ring)
rCorr  .         Reflect  .     (no ring)
SustAt .         Harm     .     (no ring)
MR     .....                    (no ring)
Stlth  +++.......               (no ring)
                                (no ring)
                                (no ring)
                                (no ring)

@: not resistant to hostile enchantments, fairly stealthy
A: almost no armour, amphibious, 8 rings, constrict 8, camouflage 1, gelatinous
body 1
a: no special abilities


You were on level 2 of the Dungeon.
You were not hungry.

You visited 1 branch of the dungeon, and saw 2 of its levels.

You collected 57 gold pieces.

Notes
Turn   | Place    | Note
--------------------------------------------------------------
     0 | D:1      | SkaryMonk the Octopode Fire Elementalist began the quest for the Orb.
     0 | D:1      | Reached XP level 1. HP: 11/11 MP: 3/3
   182 | D:1      | Reached XP level 2. HP: 17/17 MP: 3/5
   389 | D:1      | Reached skill level 4 in Fire Magic
   401 | D:1      | Learned a level 2 spell: Throw Flame
   436 | D:1      | Reached XP level 3. HP: 17/21 MP: 0/6
  1233 | D:2      | Mangled by a gnoll

Inventory:

Hand Weapons
 p - a +1 whip (weapon)
Jewellery
 h - an uncursed ring of resist corrosion {unknown}
 i - an uncursed amulet of magic regeneration {unknown}
 j - an uncursed ring of flight {unknown}
Scrolls
 c - a scroll of identify {unknown}
 d - a scroll of fear {unknown}
 e - 2 scrolls of enchant weapon
 f - 2 scrolls of teleportation
 k - a scroll of random uselessness {unknown}
 m - a scroll of magic mapping {unknown}
Potions
 l - a potion of ambrosia {unknown}
 n - a potion of curing {unknown}
 o - a potion of might {unknown}
Books
 a - a book of Flames

   Spells                             Type                      Level
   a - Flame Tongue                   Conjuration/Fire             1
   b - Throw Flame                    Conjuration/Fire             2
   c - Conjure Flame                  Conjuration/Fire             3
   d - Inner Flame                    Hexes/Fire                   3
   e - Sticky Flame                   Conjuration/Fire             4
   f - Fireball                       Conjuration/Fire             5
Comestibles
 b - 2 bread rations

Table legend:
 A = Turns spent in this place as a percentage of turns spent in the entire game.
 B = Non-inter-level travel turns spent in this place as a percentage of non-inter-level travel turns spent in the entire game.
 C = Inter-level travel turns spent in this place as a percentage of turns spent in this place.
 D = Turns resting spent in this place as a percentage of non-inter-level travel turns spent in this place.
 E = Turns spent auto-exploring this place as a percentage of non-inter-level travel turns spent in this place.
 F = Non-inter-level travel turns spent in this place divided by the number of levels of this place that you've seen.
                   A       B       C       D       E      F
               +-------+-------+-------+-------+-------+----------------------
         Total | 100.0 | 100.0 |   3.0 |   5.3 |  15.4 | 113.5
       Dungeon | 100.0 | 100.0 |   3.0 |   5.3 |  15.4 | 113.5
               +-------+-------+-------+-------+-------+----------------------


   Skills:
 - Level 2.0 Dodging
 - Level 2.6 Stealth
 - Level 2.0 Spellcasting
 - Level 1.0 Conjurations
 + Level 4.4 Fire Magic


You had 3 spell levels left.
You knew the following spells:

 Your Spells              Type           Power        Failure   Level  Hunger
a - Flame Tongue          Conj/Fire      ##...        8%          1    #......
b - Throw Flame           Conj/Fire      ##....       12%         2    ###....


Dungeon Overview and Level Annotations

Branches:
Dungeon (2/15)

Altars:


Innate Abilities, Weirdness & Mutations

You cannot wear most types of armour.
You are amphibious.
You can wear up to eight rings at the same time.
You can use your tentacles to constrict eight enemies at once.
Your skin changes colour to match your surroundings (Stealth).
Your rubbery body absorbs attacks (AC +1).


Message History

You butcher the rat corpse.
g - a chunk of flesh You see here a rat skeleton.
(D) Dungeon
Where to? (Enter - D:1 @ (x,y), ? - help) Eating a chunk of flesh.
This raw flesh tastes terrible.
You continue eating. x2
There is a stone staircase leading down here.
You climb downwards.
A rat, a jackal, a worm and 3 gnolls come into view.
Found 13 stones, a blue potion, a bubbling clear potion and 3 gold pieces.
There is a stone staircase leading up here.
The gnoll shouts! x3; You hear a bark!
The jackal barks!
You hear a bark!
The jackal moves out of view.
The gnoll hits you with a spear of freezing!
The gnoll freezes you.
* * * LOW HITPOINT WARNING * * *
The gnoll hits you from afar with a halberd!
Ouch! That really hurt!
You die...

......$..#
.........!
.........##
..........
.....!...#
.........#
.......g.# .
.(...gg@.# .
..........h...h
#.
........#.r##..
#.#
w....####.## ..
..... # # ....
# ... # ... # #


You could see a worm, 3 gnolls, 2 jackals and a rat.

Table legend:
 A = Kills in this place as a percentage of kills in entire the game.
 B = Kills by you in this place as a percentage of kills by you in the entire game.
 C = Kills by friends in this place as a percentage of kills by friends in the entire game.
 D = Other kills in this place as a percentage of other kills in the entire game.
 E = Experience gained in this place as a percentage of experience gained in the entire game.
 F = Experience gained in this place divided by the number of levels of this place that you have seen.
                   A       B       C       D       E      F
               +-------+-------+-------+-------+-------+----------------------
         Total | 100.0 | 100.0 |  -nan |  -nan | 100.0 |  28.5
       Dungeon | 100.0 | 100.0 |  -nan |  -nan | 100.0 |  28.5
               +-------+-------+-------+-------+-------+----------------------

Vanquished Creatures
  A gnoll (D:1)
  An ooze (D:1)
  A dart slug (D:1)
  2 giant cockroaches (D:1)
  4 goblins (D:1)
  A hobgoblin (D:1)
  4 kobolds (D:1)
  A quokka (D:2)
  4 bats (D:1)
  A giant newt (D:1)
  3 rats (D:1)
23 creatures vanquished.

Action                   || total
-------------------------++-------
Melee: Club              ||     7
       Constrict         ||     1
       Tentacles         ||     1
 Cast: Flame Tongue      ||    34
       Throw Flame       ||     4
  Use: Scroll            ||     2
  Eat: Chunk             ||     2
Armor: Skin              ||     1
Dodge: Dodged            ||     7

Vault maps used:
D:1:      sevenhm_arrival_forest_fort_large_4
D:2:      grunt_temple_overflow_holy_war, ecumenical_altar_1,
          minmay_misc_feat_more_columns, serial_park_tiny_1, uniq_iyjb,
          uniq_crazy_yiuf_cottage
